 Dungeon Crawl Stone Soup version 0.31-a0-1-g4198be8af4 (webtiles) character file.

Game seed: 11001901505376707519

221 Sabo the Covered (level 5, 0/28 HPs)
             Began as a Vine Stalker Fighter on Apr 30, 2023.
             Was a Follower of Okawaru.
             Succumbed to Edmund's poison
             ... on level 4 of the Dungeon on May 1, 2023.
             The game lasted 00:20:14 (3841 turns).

Sabo the Covered (Vine Stalker Fighter)             Turns: 3841, Time: 00:20:15

Health: 0/28       AC: 13    Str: 20    XL:     5   Next: 98%
Magic:  5/6        EV: 14    Int:  8    God:    Okawaru [*.....]
Gold:   86         SH:  5    Dex: 14    Spells: 4/4 levels left

rFire   . . .        i - +1 short sword (freeze)
rCold   . . .        c - +0 buckler
rNeg    . . .        b - +0 scale mail
rPois   .            k - +0 helmet
rElec   .            h - +0 cloak
rCorr   .            y - +2 pair of gloves
SInv    +            j - +0 pair of boots
Will    .....        (no amulet) Stlth
                     f - +5 ring of evasion
HPRegen 1.04/turn    w - ring of see invisible
MPRegen 0.10/turn

%: guardian spirit
@: lethally poisoned (0 -> -11)
A: fangs 2, regeneration 1, magic shield, antimagic bite, no potion heal 2
a: Renounce Religion, Heroism


You were on level 4 of the Dungeon.
You worshipped Okawaru.
Okawaru was aware of your devotion.
You visited 1 branch of the dungeon, and saw 4 of its levels.

You collected 296 gold pieces.
You spent 210 gold pieces at shops.

Inventory:

Hand Weapons
 a - a +0 war axe
 i - a +1 short sword of freezing (weapon)
 v - a +0 sling
Missiles
 l - 2 boomerangs
 r - 3 silver javelins (quivered)
 u - 11 poisoned darts
Armour
 b - a +0 scale mail (worn)
 c - a +0 buckler (worn)
 h - a +0 cloak (worn)
 j - a +0 pair of boots (worn)
 k - a +0 helmet (worn)
 y - a +2 pair of gloves (worn)
Jewellery
 f - a +5 ring of evasion (left hand)
 w - a ring of see invisible (right hand)
Wands
 g - a wand of acid (16)
Scrolls
 e - a scroll of magic mapping
 m - a scroll of acquirement {unknown}
 n - a scroll of teleportation
 x - a scroll of fog {unknown}
Potions
 d - 3 potions of might
 o - 3 potions of curing {unknown}
 p - a potion of heal wounds {unknown}
 q - 2 potions of flight {unknown}
 s - 3 potions of mutation {unknown}
 t - 2 potions of degeneration {unknown}
 z - a potion of ambrosia {unknown}
 A - a potion of brilliance {unknown}


   Skills:
 + Level 3.3 Fighting
 + Level 2.0 Short Blades
 + Level 2.2 Axes
 + Level 0.1 Throwing
 + Level 3.5 Armour
 + Level 0.8 Dodging
 + Level 0.6 Stealth
 + Level 3.4 Shields


You had 4 spell levels left.
You didn't know any spells.
Your spell library was empty.

Dungeon Overview and Level Annotations

Branches:
Dungeon (4/15)
 Temple: D:4-7

Altars:
Okawaru

Shops:
D:3 *

Annotations:
D:4 Edmund


Innate Abilities, Weirdness & Mutations

You have extremely sharp teeth.
Your natural rate of healing is unusually fast.
When hurt, damage is shared between your health and your magic reserves.
Your bite disrupts and absorbs the magic of your enemies.
Potions cannot restore your health.


Message History

There is an open door here.
Found a stone staircase leading up.
You now have 86 gold pieces (gained 13).
Edmund the Younger comes into view.
He is wielding a +2 flail of venom.
Edmund shouts!
You hit Edmund. You freeze Edmund. You bite Edmund. You drain his power.
Edmund is lightly wounded.
Edmund hits you with a +2 flail of venom!
You are poisoned.
You hit Edmund. You freeze Edmund. Your bite misses Edmund.
Edmund is lightly wounded.
You feel very sick.
Edmund says, "Everyone always remembers my brother. 'Who's Edmund?' they ask!"
Edmund barely misses you.
You completely miss Edmund.
Edmund is lightly wounded.
You feel sick. Edmund hits you but does no damage.
You are more poisoned.
You barely miss Edmund. Your bite misses Edmund.
Edmund is lightly wounded.
You feel very sick. Edmund misses you.
You closely miss Edmund.
Edmund is lightly wounded.
You feel very sick.
You closely miss Edmund.
Edmund is lightly wounded.
You feel sick.
Edmund hits you with a +2 flail of venom.
* * * LOW HITPOINT WARNING * * *
You are lethally poisoned!
You hit Edmund but do no damage. You bite Edmund. You drain his power.
You feel invigorated.
Edmund is moderately wounded.
* * * LOW HITPOINT WARNING * * *
You feel very sick. Edmund closely misses you.
You completely miss Edmund. You bite Edmund, but do no damage.
Edmund is moderately wounded.
You die...

#.........#..#.....#.#.##.
#####.#...#..#.....#.#.##.
#.#...#..###'###......
#.###.#..........#####
#........#########
#####.#### #.# #######.#
......@@# #########


You could see Edmund.

Vanquished Creatures
  A hound (D:4)
  An iguana (D:4)
  Natasha (D:4)
  3 gnolls (D:2)
  3 adders (D:2)
  3 dart slugs
  8 orcs
  5 ball pythons
  6 endoplasms
  3 giant cockroaches
  4 goblins
  7 hobgoblins
  9 kobolds
  3 quokkas (D:2)
  4 bats
  3 frilled lizards
  8 rats
72 creatures vanquished.

Notes
Turn   | Place    | Note
-------+----------+-------------------------------------------
     0 | D:1      | Sabo the Vine Stalker Fighter began the quest for the Orb.
     0 | D:1      | Reached XP level 1. HP: 11/11 MP: 2/2
   465 | D:1      | Reached XP level 2. HP: 10/16 MP: 3/3
   595 | D:1      | You fall into a shaft and drop 1 floor!
   675 | D:2      | Reached XP level 3. HP: 19/19 MP: 4/4
  1625 | D:2      | Gained mutation: Your natural rate of healing is unusually
                  | fast. [Vine Stalker growth]
  1625 | D:2      | Reached XP level 4. HP: 21/24 MP: 3/5
  1676 | D:2      | Reached skill level 1 in Short Blades
  2093 | D:2      | Found a faded altar of an unknown god.
  2102 | D:2      | Prayed at the altar of an unknown god.
  2102 | D:2      | Became a worshipper of Warmaster Okawaru
  2102 | D:2      | Reached * piety under Okawaru
  2242 | D:3      | Reached XP level 5. HP: 28/28 MP: 6/6
  2943 | D:3      | Found Xautiq's Assorted Antiques.
  3407 | D:4      | Noticed Natasha
  3419 | D:4      | Killed Natasha
  3504 | D:3      | Bought a pair of glowing gloves for 210 gold pieces
  3725 | D:4      | Found an iron altar of Okawaru.
  3832 | D:4      | Noticed Edmund
  3841 | D:4      | Succumbed to Edmund's poison

Illustrated notes

Levels and vault maps discovered:
D:1:      psy_arrival_terrarium, layout_loops_corners
D:2:      minmay_wonky_spiral, layout_basic, basic_ecumenical_altar,
          kennysheep_pointless_box, kennysheep_donut
D:3:      layout_basic, serial_shops, shop, minmay_misc_feat_cross,
          due_unseen_surprise
D:4:      layout_basic, amcnicky_altar_gilded, serial_shops, shop, uniq_natasha,
          uniq_ijyb, uniq_edmund

Skill      XL: |  1  2  3  4  5 |
---------------+----------------+-----
Shields        | 3 |  3.4
Axes           | 2 |  2.2
Fighting       | 3 |  3.3
Short Blades   | 1 2 |  2.0
Armour         | 3 |  3.5
Throwing       | |  0.1
Dodging        | |  0.8
Stealth        | |  0.6

Action                     |  1- 3 |  4- 6 || total
---------------------------+-------+-------++-------
  Melee: War axe           |    18 |       ||    18
         Bite              |    12 |    27 ||    39
         Short sword       |    81 |   116 ||   197
  Throw: Javelin           |       |     2 ||     2
    Use: Scroll            |     1 |     4 ||     5
 Armour: Scale mail        |    54 |    47 ||   101
  Dodge: Dodged            |    40 |    81 ||   121
  Block: Buckler           |    21 |    17 ||    38

Table legend: (Time is in decaauts)
 A = Elapsed time spent in this place.
 B = Non-inter-level travel time spent in this place.
 C = Inter-level travel time spent in this place.
 D = Time resting spent in this place.
 E = Time spent auto-exploring this place.
 F = Levels seen in this place.
 G = Mean time per level.
                   A        B        C        D        E       F      G
               +--------+--------+--------+--------+--------+-----+--------+
         Total |   3855 |   3855 |      0 |    210 |      0 |   4 |  963.8 |
       Dungeon |   3855 |   3855 |      0 |    210 |      0 |   4 |  963.8 |
               +--------+--------+--------+--------+--------+-----+--------+

Top non-repeatable levels by time:
     D:2: 1362 daAuts
     D:3: 1125 daAuts
     D:1: 1007 daAuts
     D:4: 360 daAuts
